 Dungeon Sprint DCSS version 0.31.0 (webtiles) character file.

Game seed: 15255605777758913997

23 Turgor the Chopper (level 2, -1/28 HPs)
             Began as a Minotaur Monk on Jan 19, 2024.
             Was a Believer of Ru.
             Killed from afar by a deep elf knight (29 damage)
             ... with a shard of ice
             ... in the Dungeon (Sprint V: "Ziggurat Sprint").
             The game lasted 00:02:52 (87 turns).

Turgor the Chopper (Minotaur Monk)                    Turns: 87, Time: 00:02:53

Health: -1/28      AC: 18    Str: 27    XL:     2   Next: 75%
Magic:  1/1        EV:  5    Int:  7    God:    Ru [**....]
Gold:   0          SH:  7    Dex: 12    Spells: 1/1 levels left

rFire   . . .        C - +16 obsidian axe {drain, demonic, Mesm ^Drain Fly SInv}
rCold   . . .        A - +3 buckler
rNeg    . . .        z - +5 gold dragon scales
rPois   +            (helmet restricted)
rElec   .            (no cloak)
rCorr   .            (no gloves)
SInv    +            (no boots)
Will    .....        (no amulet) Stlth
                     m - +6 ring of strength
HPRegen 0.24/turn    n - +6 ring of strength
MPRegen 0.07/turn

%: no teleportation
@: flying, mesmerised
A: horns 2, temperature sensitive, retaliatory headbutt
a: Renounce Religion


You were in the Dungeon.
You worshipped Ru.
Ru was pleased with you.
You visited 1 branch

Inventory:

Hand Weapons
 B - a +5 broad axe
 C - the +16 obsidian axe (weapon) {drain, demonic, Mesm ^Drain Fly SInv}
   (You found it in the Dungeon)

   Mesm:      Its wielder is mesmerised by any visible foes, and it cannot be
   unequipped while any foes are visible.
   SInv:      It lets you see invisible.
   Fly:       It grants you flight.
   ^Drain:    It drains your maximum health when unequipped.
Armour
 z - +5 gold dragon scales (worn)
 A - a +3 buckler (worn)
 D - the +15 Maxwell's patent armour {-Cast -Tele rElec Will+ rCorr}
   (You found it in the Dungeon)

   rElec:     It insulates you from electricity.
   Will+:     It increases your willpower.
   -Cast:     It prevents spellcasting.
   -Tele:     It prevents most forms of teleportation.
   rCorr:     It protects you from acid and corrosion.
 E - the +18 shield of the Gong {Loud rN+ Will+ rCorr EV-5}
   (You found it in the Dungeon)

   Loud:      It is deafeningly noisy when blocking attacks.
   EV-5:      It affects your evasion (-5).
   rN+:       It protects you from negative energy.
   Will+:     It increases your willpower.
   rCorr:     It protects you from acid and corrosion.
Jewellery
 a - a ring of flight
 b - a +6 ring of dexterity
 d - a +6 ring of dexterity
 k - a +6 ring of intelligence
 l - a +6 ring of intelligence
 m - a +6 ring of strength (left hand)
 n - a +6 ring of strength (right hand)
Wands
 o - a wand of mindburst (7)
 p - a wand of light (7)
Scrolls
 j - 4 scrolls of blinking
 v - 4 scrolls of amnesia
 w - 6 scrolls of fog
 x - 5 scrolls of identify
 y - 2 scrolls of fear
Potions
 c - a potion of ambrosia
 e - 10 potions of curing
 f - 10 potions of heal wounds
 g - 6 potions of haste
 h - 7 potions of magic
 i - 3 potions of berserk rage
 q - 2 potions of brilliance
 r - 2 potions of invisibility
 s - 4 potions of resistance
 t - a potion of experience
 u - 5 potions of might


   Skills:
 + Level 4.7 Fighting
 * Level 5.6 Axes
 + Level 2.6 Armour
 - Level 3.2 Dodging
 + Level 2.7 Shields


You had one spell level left.
You didn't know any spells.
Your spell library was empty.

Dungeon Overview and Level Annotations

Branches:
Dungeon (1/1)

Altars:
Ashenzari
Cheibriados
Dithmenos
Elyvilon
Fedhas
Gozag
Hepliaklqana
Kikubaaqudgha
Makhleb
Nemelex Xobeh
Okawaru
Qazlal
Ru
Sif Muna
Trog
Uskayaw
Vehumet
Wu Jian
Xom
Yredelemnul
Zin
The Shining One
Jiyva
Lugonu

Annotations:
D 1 transporter


Innate Abilities, Weirdness & Mutations

You have a pair of horns on your head.
You are sensitive to extremes of temperature. (rF-, rC-)
You reflexively headbutt those who attack you in melee.


Message History

Welcome to arena 2.
You enter the transporter and appear at another place.
A water elemental and 2 deep elf knights come into view.
Visions of slaying the deep elf knight flood into your mind.
The deep elf knight shouts! x2
The deep elf knight wields a +0 shortbow.
The deep elf knight shoots an arrow.
The arrow completely misses you.
Found three items.
Found a transporter.
Aiming: Bolt of Light
Press: ? - help, Shift-Dir - straight line, f - deep elf knight
Aim: a deep elf knight, wielding a +0 scimitar, wearing a +0 leather armour and wearing a +0 buckler (mesmerising, 46% to hit)
Okay, then.
As you read the scroll of fog, it dissolves into smoke.
Visions of slaying the water elemental flood into your mind.
The deep elf knight shoots an arrow.
The arrow hits you.
Unknown command.
Unknown command.
The deep elf knight gestures wildly while chanting.
The deep elf knight flickers and vanishes for a moment.
Unknown command.
You miss the deep elf knight. You headbutt the deep elf knight.
The deep elf knight is lightly wounded.
You slash the water elemental!
Visions of slaying the deep elf knight flood into your mind.
The deep elf knight gestures wildly while chanting.
The deep elf knight seems to speed up.
The deep elf knight is stunned by your conviction and fails to attack.
You block the water elemental's attack. You block the deep elf knight's attack.
Unknown command.
The deep elf knight blocks your attack.
Your headbutt misses the deep elf knight.
The deep elf knight is lightly wounded.
You slash the water elemental!
Visions of slaying the water elemental flood into your mind.
The deep elf knight begins to cast a spell, but is stunned by your conviction!
The water elemental barely misses you.
The deep elf knight points at you and mumbles some strange words.
The shard of ice hits you!!
Ouch! That really hurt!
You die...

▓▓▓▓▓▓▓▓▓▓▓▓▓
▓.8©8.▓.8©8.▓
▓.):}.▓.....▓
▓.....▓.).).▓
▓§e.§§▓.....▓
▓Ee§§§▓.....▓
▓§@§§.▓..©..▓
▓.§§§§▓▓▓▓▓▓▓
▓▓▓▓▓▓▓


You could see 2 deep elf knights and a water elemental (mesmerising).

Vanquished Creatures
  2 mummies (D)
2 creatures vanquished.

Notes
Turn   | Place    | Note
-------+----------+-------------------------------------------
     0 | D        | Turgor the Minotaur Monk began the quest for the Orb.
     0 | D        | Reached XP level 1. HP: 19/19 MP: 0/0
     0 | D        | Found a shimmering blue altar of Sif Muna.
     0 | D        | Found a bloodstained altar of Trog.
     0 | D        | Found a sacrificial altar of Ru.
     0 | D        | Found a stormy altar of Qazlal.
     0 | D        | Found an iron altar of Okawaru.
     4 | D        | Found a sparkling altar of Nemelex Xobeh.
     4 | D        | Found the +7 great mace "Firestarter" {flame, immolate,
                  | rFlCloud rF++}
     4 | D        | Found the +6 shillelagh "Devastator" {shatter}
     4 | D        | Found the +11 plutonium sword {^Contam Stlth-}
     4 | D        | Found the +8 lance "Wyrmbane" {slay drac, rPois rF+ rC+
                  | AC+3}
     4 | D        | Found the +9 sword of Zonguldrok {reap}
     4 | D        | Found the +13 scythe of Curses {drain, curses, ^Drain}
     4 | D        | Found the +9 sword of Power {lifebolt}
     4 | D        | Found the +7 mace of Variability {chaos, chaos arc}
     4 | D        | Found the +11 Singing Sword {sonic wave}
     4 | D        | Found the +8 storm bow {elec, penet}
     4 | D        | Found the +6 Majin-Bo {spellvamp, MP+6 Int+6}
     4 | D        | Found the +27 heavy crossbow "Sniper" {heavy, Acc+∞ SInv}
     4 | D        | Found the +10 dark maul {heavy}
     4 | D        | Found the +15 Maxwell's patent armour {-Cast -Tele rElec
                  | Will+ rCorr}
     4 | D        | Found the +18 shield of the Gong {Loud rN+ Will+ rCorr
                  | EV-5}
     4 | D        | Found the +16 obsidian axe {drain, demonic, Mesm ^Drain Fly
                  | SInv}
     5 | D        | Found a burning altar of Makhleb.
     5 | D        | Found a corrupted altar of Lugonu.
     5 | D        | Found an ancient bone altar of Kikubaaqudgha.
     5 | D        | Found a transporter.
     5 | D        | Found a viscous altar of Jiyva.
     7 | D        | Banished a spatial maelstrom
     8 | D        | Became a worshipper of Ru the Awakened
    22 | D        | Gained mutation: You are sensitive to extremes of
                  | temperature. (rF-, rC-) [Ru sacrifice]
    22 | D        | Reached * piety under Ru
    22 | D        | Reached ** piety under Ru
    26 | D        | Found a hazy altar of Hepliaklqana.
    35 | D        | Found a blossoming altar of Fedhas.
    37 | D        | Found an opulent altar of Gozag.
    69 | D        | Entered arena 2.
    69 | D        | Found a transporter.
    73 | D        | Reached skill level 4 in Axes
    73 | D        | Reached XP level 2. HP: 24/27 MP: 1/1
    74 | D        | Reached skill level 5 in Axes
    83 | D        | Entered arena 3.
    83 | D        | Noticed a water elemental
    83 | D        | Noticed a deep elf knight
    83 | D        | Noticed a deep elf knight
    83 | D        | Found a transporter.
    87 | D        | Killed from afar by a deep elf knight

Illustrated notes

Levels and vault maps discovered:
D:        sprint_v [room_start, room_1, room_2, room_3, room_4, room_5, room_6,
          room_7, room_8, room_9, room_10, room_11, room_12, room_13, room_14,
          room_15, room_16, room_17, room_18, room_19, room_20, room_21,
          room_22, room_23, room_24, room_25, room_26, room_27]

Skill      XL: |  1  2 |
---------------+-------+-----
Fighting       | 4 |  4.7
Axes           | 4 5 |  5.6
Armour         | 2 |  2.6
Shields        | 2 |  2.7
Dodging        | |  3.2

Action                     || total
---------------------------++-------
  Melee: Broad axe         ||     4
         Headbutt          ||     2
 Invoke: Sacrifice Resista ||     1
    Use: Scroll            ||     1
 Armour: Gold dragon scale ||     3
  Dodge: Dodged            ||     2
  Block: Buckler           ||     2
